 Dungeon Crawl Stone Soup version 0.18.1-2-ga659475 (webtiles) character file.

336 Gingerlord the Shield-Bearer (level 6, -3/56 HPs)
             Began as a Minotaur Fighter on May 9, 2016.
             Slain by an ogre
             ... wielding a +0 giant spiked club
              (27 damage)
             ... on level 4 of the Dungeon.
             The game lasted 00:04:02 (2278 turns).

Gingerlord the Shield-Bearer (Minotaur Fighter)     Turns: 2278, Time: 00:04:02

Health: -3/56      AC:  9    Str: 20    XL:     6   Next: 28%
Magic:  5/5        EV:  5    Int:  5    God:
Gold:   185        SH: 10    Dex: 12    Spells: 0 memorised, 5 levels left

rFire  . . .     SeeInvis .     a - +0 war axe
rCold  + . .     Gourm    .     n - +0 chain mail
rNeg   . . .     Faith    .     c - +0 shield
rPois  .         Spirit   .     (helmet restricted)
rElec  .         Dismiss  .     (no cloak)
rCorr  .         Reflect  .     (no gloves)
SustAt .         Harm     .     (no boots)
MR     +....                    (no amulet)
Stlth  ..........               l - ring of protection from magic
                                h - ring of protection from cold

@: somewhat resistant to hostile enchantments, extremely unstealthy
A: retaliatory headbutt, horns 2
a: no special abilities


You were on level 4 of the Dungeon.
You were hungry.

You visited 1 branch of the dungeon, and saw 4 of its levels.

You collected 185 gold pieces.

Inventory:

Hand Weapons
 a - a +0 war axe (weapon)
Armour
 c - a +0 shield (worn)
 n - a +0 chain mail (worn)
Jewellery
 h - a ring of protection from cold (left hand)
 l - a ring of protection from magic (right hand)
 q - an uncursed ring of ice {unknown}
Scrolls
 b - 3 scrolls of enchant armour {unknown}
 e - 7 scrolls of identify {unknown}
 i - 3 scrolls of teleportation {unknown}
 m - 2 scrolls of magic mapping {unknown}
 s - a scroll of amnesia {unknown}
 t - a scroll of fear {unknown}
 u - a scroll of recharging {unknown}
 v - a scroll of random uselessness {unknown}
 y - a scroll of enchant weapon {unknown}
Potions
 d - a potion of might
 g - a potion of mutation {unknown}
 j - 3 potions of agility {unknown}
 k - a potion of invisibility {unknown}
 o - 4 potions of heal wounds {unknown}
 r - a potion of curing {unknown}
 x - a potion of flight {unknown}
Comestibles
 f - 4 bread rations
 p - 8 fruits
 w - a meat ration


   Skills:
 + Level 5.2 Fighting
 + Level 4.3 Axes
 + Level 5.1 Armour
 + Level 5.5 Shields


You had 5 spell levels left.
You didn't know any spells.

Dungeon Overview and Level Annotations

Branches:
Dungeon (4/15)
 Temple: D:4-7

Altars:
Pakellas


Innate Abilities, Weirdness & Mutations

You reflexively headbutt those who attack you in melee.
You have a pair of horns on your head.


Message History

You hit the ogre.
The ogre is moderately wounded.
The ogre hits you with a giant spiked club!
You hit the ogre.
The ogre is severely wounded.
You block the ogre's attack.
You hit the ogre.
The ogre is severely wounded.
You block the ogre's attack.
Your shield and chain mail prevent you from hitting the ogre.
Your headbutt misses the ogre.
The ogre is severely wounded.
The ogre hits you but does no damage.
You hit the ogre.
The ogre is severely wounded.
The ogre hits you with a giant spiked club!!
You completely miss the ogre.
The ogre is severely wounded.
The ogre hits you with a giant spiked club!!
You die...

#.......#......#
#.......#......#
#.......#......#
#.......#......#
#..##'###.##..##
####..###.###'#######
#.......#.........#
#.......#.........#
#.......#.....@O..#
#.......#..$..........
##..#...##...........#
#####################


You could see an ogre.

Vanquished Creatures
  A scorpion (D:4)
  An orc priest (D:3)
  Ijyb (D:2)
  4 orc wizards
  A hound skeleton (D:3)
  An adder (D:2)
  An adder skeleton (D:4)
  A worm (D:4)
  3 dart slugs
  2 giant geckos
  12 orcs
  3 giant cockroaches (D:3)
  8 goblins
  10 hobgoblins
  5 jackals (D:2)
  5 bats
  4 giant newts
  8 kobolds
  4 rats (D:1)
75 creatures vanquished.

Notes
Turn   | Place    | Note
--------------------------------------------------------------
     0 | D:1      | Gingerlord the Minotaur Fighter began the quest for the Orb.
     0 | D:1      | Reached XP level 1. HP: 19/19 MP: 0/0
   353 | D:1      | Reached XP level 2. HP: 25/27 MP: 1/1
   976 | D:2      | Reached XP level 3. HP: 33/33 MP: 2/2
   982 | D:2      | Noticed Ijyb
   988 | D:2      | Killed Ijyb
  1237 | D:2      | Found an oddly glowing altar of Pakellas.
  1458 | D:2      | Reached XP level 4. HP: 40/40 MP: 3/3
  1910 | D:3      | Reached XP level 5. HP: 46/47 MP: 4/4
  2133 | D:3      | Reached skill level 5 in Fighting
  2133 | D:3      | Reached skill level 5 in Shields
  2191 | D:4      | Reached skill level 5 in Armour
  2191 | D:4      | Reached XP level 6. HP: 48/56 MP: 5/5
  2278 | D:4      | Slain by an ogre

Skill      XL: |  1  2  3  4  5 |
---------------+----------------+-----
Axes           | 3 4 |  4.3
Fighting       | 4 5 |  5.2
Armour         | 4 5 |  5.1
Shields        | 4 5 |  5.5

Action                   |  1- 3 |  4- 6 || total
-------------------------+-------+-------++-------
Melee: War axe           |    92 |   113 ||   205
       Headbutt          |     8 |    18 ||    26
  Eat: Chunk             |     2 |     2 ||     4
Armor: Scale mail        |    20 |       ||    20
       Chain mail        |    24 |    70 ||    94
Dodge: Dodged            |    22 |    26 ||    48
Block: Shield            |    54 |    58 ||   112
